 Dungeon Crawl Stone Soup version 0.30-a0-439-g9e77e4d916 (webtiles) character file.

Game seed: 12518196958552697377

485523 Jeffwins the Eclecticist (level 26, -1/191 HPs)
             Began as a Human Wanderer on Oct 6, 2022.
             Was the Champion of Vehumet.
             Slain by a vampire knight
             ... wielding a +3 great mace
              (40 damage)
             ... on level 4 of the Depths on Dec 11, 2022.
             The game lasted 02:59:31 (64737 turns).

Jeffwins the Eclecticist (Human Wanderer)          Turns: 64737, Time: 02:59:32

Health: -1/191     AC:  6    Str: 13    XL:     26   Next: 20%
Magic:  44/44      EV: 17    Int: 39    God:    Vehumet [******]
Gold:   1274       SH: 14    Dex: 21    Spells: 11/59 levels left

rFire   + . .      SeeInvis +    t - +0 rapier "Puwuto" {elec, Int+3}
rCold   + . .      Faith    .    d - +0 kite shield {rN+}
rNeg    + . .      Spirit   .    H - quicksilver dragon scales
rPois   +          Reflect  .    K - +0 hat of the Mind {rCorr Str+4 Dex+2}
rElec   +          Harm     .    s - scarf {repulsion}
rCorr   +          Rampage  .    i - +1 pair of gloves of Elyvilon's Supremacy {*Corrode +Blink rElec Int+6}
Will    ++...      Clarity  +    y - +1 pair of boots of Goom {Int+3 Stlth+}
Stlth   ++++......               f - amulet of Vitality {RegenMP++ Regen++}
HPRegen 2.11/turn                v - ring "Vesuloho" {rCorr Dex+3 Slay+3 SInv}
MPRegen 1.09/turn                E - ring "Awkoetzay" {rElec rPois rC+}

@: corroded, studying 2 skills, repel missiles
A: iridescent scales 1, agile 1, clarity, fire resistance 1, shaggy fur 1
}: 2/15 runes: serpentine, barnacled
a: Renounce Religion, Evoke Blink


You were on level 4 of the Depths.
You worshipped Vehumet.
Vehumet was exalted by your worship.
You visited 9 branches of the dungeon, and saw 43 of its levels.
You visited the Abyss 1 time.
You visited 1 bazaar.
You also visited: Sewer, Bailey, Gauntlet, Ice Cave and Wizlab.

You collected 5748 gold pieces.
You spent 4474 gold pieces at shops.


Innate Abilities, Weirdness & Mutations

You are partially covered in iridescent scales. (AC +2)
You are agile. (Dex +4, Str/Int -1)
You possess an exceptional clarity of mind.
Your flesh is heat resistant. (rF+)
You are covered in fur. (AC +1)


   Skills:
 + Level 12.2 Fighting
 - Level 10.0 Short Blades
 - Level 6.0 Armour
 + Level 11.7 Dodging
 - Level 6.0 Stealth
 + Level 12.6 Shields
 * Level 17.3 Spellcasting
 * Level 14.8 Conjurations
 - Level 10.0 Necromancy
 + Level 10.4 Transmutations
 * Level 17.1 Fire Magic
 * Level 9.0 Air Magic
 - Level 8.0 Earth Magic
 - Level 12.0 Poison Magic
 + Level 13.5 Evocations


You had 11 spell levels left.
You knew the following spells:

 Your Spells              Type           Power      Damage    Failure   Level
c - Fireball              Conj/Fire      51%        3d20      1%          5
l - Lee's Rapid Deconstr  Erth           38%        3d19*     1%          5
n - Dispel Undead         Necr           84%        3d27      1%          4
o - Olgreb's Toxic Radia  Pois           91%        N/A       1%          4
t - Ignition              Fire           53%        3d15      5%          8
v - Stone Arrow           Conj/Erth      100%       3d13      1%          3
x - Ignite Poison         Fire/Tmut/Pois 95%        N/A       1%          3
z - Poisonous Vapours     Pois/Air       100%       N/A       1%          2
X - Eringya's Noxious Bo  Tmut/Pois      44%        N/A       1%          6
Y - Maxwell's Capacitive  Air            40%        ∞         78%         8

Your spell library contained the following spells:

 Spells                   Type           Power      Damage    Failure   Level
 Polar Vortex             Ice            16%        N/A       100%        9
 Foxfire                  Conj/Fire      100%       2x1d9     0%          1
 Kiss of Death            Conj/Necr      100%       2d13      0%          1
 Magic Dart               Conj           100%       1d8       0%          1
 Searing Ray              Conj           100%       2d8       0%          2
 Necrotise                Necr           100%       1d9       1%          1
 Sting                    Tmut/Pois      100%       1d8       1%          1
 Cigotuvi's Dreadful Rot  Necr/Pois/Air  100%       N/A       1%          2
 Static Discharge         Conj/Air       100%       2-7/arc   1%          2
 Sublimation of Blood     Necr           84%        N/A       1%          2
 Wereblood                Tmut           86%        N/A       1%          2
 Dazzling Flash           Conj/Hex       100%       N/A       1%          3
 Hailstorm                Conj/Ice       75%        3d15      1%          3
 Inner Flame              Hex/Fire       79%        N/A       1%          3
 Kindle Blastsparks       Fire/Tloc/Air  100%       2d18      1%          3
 Mephitic Cloud           Conj/Pois/Air  91%        N/A       1%          3
 Spider Form              Tmut/Pois      88%        N/A       1%          3
 Vhi's Electric Charge    Tloc/Air       100%       N/A       1%          3
 Animate Dead             Necr           84%        N/A       1%          4
 Flame Wave               Conj/Fire      100%       2d21      1%          4
 Fulminant Prism          Conj/Hex       37%        3d18      1%          4
 Iskenderun's Mystic Bla  Conj/Tloc      75%        2d15      1%          4
 Petrify                  Tmut/Erth      81%        N/A       1%          4
 Sticky Flame             Conj/Fire      100%       2d11      1%          4
 Agony                    Necr           84%        N/A       1%          5
 Alistair's Intoxication  Tmut/Pois      58%        N/A       1%          5
 Blade Hands              Tmut           43%        N/A       1%          5
 Lightning Bolt           Conj/Air       45%        1d65      1%          5
 Starburst                Conj/Fire      51%        6d14      1%          6
 Orb of Destruction       Conj           49%        9d13      1%          7
 Borgnjor's Vile Clutch   Necr/Erth      40%        N/A       2%          5
 Apportation              Tloc           66%        N/A       3%          1
 Summon Small Mammal      Summ           100%       N/A       3%          1
 Yara's Violent Unravell  Hex/Tmut       32%        3d13      3%          5
 Ensorcelled Hibernation  Hex/Ice        66%        N/A       5%          2
 Summon Lightning Spire   Summ/Air       62%        N/A       5%          4
 Animate Armour           Summ/Erth      100%       N/A       7%          4
 Leda's Liquefaction      Hex/Erth       30%        N/A       7%          4
 Death Channel            Necr           42%        N/A       9%          6
 Call Canine Familiar     Summ           33%        N/A       11%         3
 Confusing Touch          Hex            33%        N/A       11%         3
 Ozocubu's Armour         Ice            33%        N/A       11%         3
 Portal Projectile        Hex/Tloc       66%        N/A       11%         3
 Summon Guardian Golem    Hex/Summ       33%        N/A       11%         3
 Tukima's Dance           Hex            33%        N/A       11%         3
 Statue Form              Tmut/Erth      54%        N/A       12%         6
 Silence                  Hex/Air        31%        N/A       16%         5
 Passage of Golubria      Tloc           33%        N/A       34%         4
 Summon Ice Beast         Ice/Summ       33%        N/A       34%         4
 Lehudib's Crystal Spear  Conj/Erth      44%        10d11     45%         8
 Storm Form               Tmut/Air       41%        N/A       50%         7
 Simulacrum               Ice/Necr       32%        N/A       56%         6
 Metabolic Englaciation   Hex/Ice        16%        N/A       67%         5
 Summon Forest            Summ/Tloc      16%        N/A       67%         5
 Fire Storm               Conj/Fire      51%        8d13      73%         9
 Haunt                    Necr/Summ      32%        N/A       98%         7
 Infestation              Necr           42%        N/A       98%         8
 Summon Cactus Giant      Summ           16%        N/A       99%         6
 Chain Lightning          Conj/Air       45%        3d60      99%         9
 Enfeeble                 Hex            16%        N/A       100%        7
 Malign Gateway           Summ/Tloc      16%        N/A       100%        7
 Summon Hydra             Summ           16%        N/A       100%        7
 Summon Horrible Things   Summ           16%        N/A       100%        8
 Shatter                  Erth           38%        3d30*     100%        9

Inventory:

Hand Weapons
 t - the +0 rapier "Puwuto" (weapon) {elec, Int+3}
   (You bought it in a shop on level 2 of the Orcish Mines)

   It occasionally discharges a powerful burst of electricity upon striking a
   foe.
   Int:       It affects your intelligence (+3).
Missiles
 o - 3 throwing nets {=f}
Armour
 a - the +3 Mad Mage's Maulers {Infuse+∞ RegenMP Int-3}
   (You found it in a wizard's laboratory)

   It empowers its wearer's blows with all of their magic.
   It causes its wearer's magical reserves to regenerate more quickly.
   Int:       It affects your intelligence (-3).
 d - a +0 kite shield of positive energy (worn)
 i - the +1 pair of gloves of Elyvilon's Supremacy (worn) {*Corrode +Blink rElec Int+6}
   (You acquired it on level 2 of the Elven Halls)

   Int:       It affects your intelligence (+6).
   rElec:     It insulates you from electricity.
   +Blink:    It lets you blink.
   *Corrode:  It may corrode you when you take damage.
 s - a scarf of repulsion (worn)
 y - the +1 pair of boots of Goom (worn) {Int+3 Stlth+}
   (You found it on level 2 of the Vaults)

   Int:       It affects your intelligence (+3).
   Stlth:     It makes you more stealthy.
 D - the +1 helmet of the Maze {rPois rF+ rC- Regen+}
   (You found it on level 2 of the Vaults)

   rF:        It protects you from fire.
   rC:        It makes you vulnerable to cold.
   rPois:     It protects you from poison.
   Regen:     It increases your rate of health regeneration.
 H - quicksilver dragon scales (worn)
 K - the +0 hat of the Mind (worn) {rCorr Str+4 Dex+2}
   (You found it on level 8 of the Dungeon)

   Str:       It affects your strength (+4).
   Dex:       It affects your dexterity (+2).
   rCorr:     It protects you from acid and corrosion.
 N - the +0 cloak "Yttuomn" {Fly Will++ Int-4}
   (You found it on level 6 of the Dungeon)

   Int:       It affects your intelligence (-4).
   Fly:       It grants you flight.
   Will:      It greatly increases your willpower.
 V - the +3 leather armour "Ikkiol" {+Inv Str+3 Int+6 SInv}
   (You found it on level 3 of the Vaults)

   Str:       It affects your strength (+3).
   Int:       It affects your intelligence (+6).
   SInv:      It lets you see invisible.
   +Inv:      It lets you turn invisible.
Jewellery
 f - the amulet of Vitality (around neck) {RegenMP++ Regen++}
   (You bought it in a shop on level 3 of the Depths)

   [amulet of magic regeneration]

   It increases your rate of magic regeneration.
   Regen:     It increases your rate of health regeneration.
 v - the ring "Vesuloho" (left hand) {rCorr Dex+3 Slay+3 SInv}
   (You took it off a deep elf archer on level 3 of the Elven Halls)

   [ring of see invisible]

   Dex:       It affects your dexterity (+3).
   Slay:      It affects your accuracy & damage with ranged weapons and melee
   (+3).
   SInv:      It lets you see invisible.
   rCorr:     It protects you from acid and corrosion.
 E - the ring "Awkoetzay" (right hand) {rElec rPois rC+}
   (You bought it in a shop on level 1 of the Snake Pit)

   [ring of poison resistance]

   rC:        It protects you from cold.
   rElec:     It insulates you from electricity.
   rPois:     It protects you from poison.
 I - the ring of Wasye {rElec Int+6 Dex+3}
   (You took it off a deep elf demonologist on level 3 of the Elven Halls)

   [ring of intelligence]

   Int:       It affects your intelligence (+6).
   Dex:       It affects your dexterity (+3).
   rElec:     It insulates you from electricity.
 P - the ring "Cucidikh" {Fire Str+3}
   (You bought it in a shop on level 1 of the Snake Pit)

   [ring of fire]

   It enhances your fire magic.
   Str:       It affects your strength (+3).
   rF:        It protects you from fire.
   rC:        It makes you vulnerable to cold.
 T - the ring "Teralain" {rF+ rN+ Str+3}
   (You found it on level 2 of the Vaults)

   [ring of protection from fire]

   Str:       It affects your strength (+3).
   rF:        It protects you from fire.
   rN:        It protects you from negative energy.
Wands
 j - a wand of polymorph (12)
 l - a wand of roots (29)
 C - a wand of paralysis (6)
 J - a wand of acid (11)
 S - a wand of mindburst (17)
 Y - a wand of digging (8)
Scrolls
 c - 7 scrolls of immolation {!r}
 g - 12 scrolls of vulnerability {!r}
 u - 6 scrolls of silence {!r}
 w - 7 scrolls of enchant armour
 z - 4 scrolls of magic mapping
 B - 11 scrolls of butterflies
 G - 13 scrolls of teleportation {@r4}
 L - a scroll of summoning
 R - 5 scrolls of poison {!r}
 U - 7 scrolls of blinking
 X - 5 scrolls of fear
Potions
 e - 20 potions of curing {@q1}
 h - 15 potions of might
 k - 5 potions of brilliance
 n - 7 potions of cancellation
 p - 12 potions of mutation {!q}
 q - 6 potions of resistance
 r - 10 potions of heal wounds {@q2}
 A - 3 potions of magic
 F - 4 potions of haste {@q3}
 O - 3 potions of ambrosia
 Q - 3 potions of invisibility
Miscellaneous
 b - a lightning rod (inert)
 m - a phial of floods
 M - a condenser vane
 W - a phantom mirror

Dungeon Overview and Level Annotations

Branches:
Dungeon (15/15)            Temple (1/1) D:5            Lair (5/5) D:10
 Shoals (4/4) Lair:3        Snake (4/4) Lair:3        Slime (0/5) Lair:5
    Orc (2/2) D:10            Elf (3/3) Orc:2        Vaults (5/5) D:14
  Crypt (0/3) Vaults:2     Depths (4/4) D:15          Sewer (visited)
 Bailey (visited)           IceCv (visited)          WizLab (visited)
Gauntlet (visited)
    Zot: Depths:4

Altars:
Ashenzari
Cheibriados
Dithmenos
Elyvilon
Fedhas
Gozag
Hepliaklqana
Kikubaaqudgha
Makhleb
Nemelex Xobeh
Okawaru
Qazlal
Ru
Sif Muna
Trog
Uskayaw
Vehumet
Wu Jian
Xom
Yredelemnul
Zin
The Shining One
Jiyva

Shops:
D:7 !   D:10 [**[?:   D:12 !   D:14 *   Orc:2 *?:[(   Elf:1 (   Elf:2 (
Shoals:1 ([   Snake:1 *=:=   Snake:4 (   Vaults:1 :   Vaults:4 =   Depths:3 =(
Depths:4 (

Portals:
Hell: Depths:1 Depths:2 Depths:3 Depths:4
Abyss: Depths:3
Pandemonium: Orc:2 Depths:2
Ziggurat: Depths:2

Annotations:
D:14 3 runed translucent doors, exclusion: obsidian statue, Eweu's ghost, adept DjFE
Shoals:3 3 runed translucent doors, Mecsish's ghost, adept AtWn; Ocievil's ghost, adept AtFi; Tagont's ghost, adept DsGl
Elf:1 3 runed translucent doors, Novon's ghost, adept DsGl; cforsyth's ghost, adept MiBe
Elf:2 3 runed translucent doors
Vaults:2 2 transporters, Fiqoroah's ghost, veteran HuWn; quinnr's ghost, adept NaIE
Vaults:5 Frederick

..,...# *,,,,,,,,,* *,*,*,,*,
......# **,*****,*** *,*,*,,,,
......# **,,*****,******,*,****,
......# *,,,,,,,,,,,,,,*,*,,,,,,
....∩.# **+*********,**,*,*******
......#**,,,* *,,,,,,,,,,,,,
,,,,,,**,,,** ▒▒▒▒▒*,,*,*,*******
,,,,*,*,,,** ▒▒.C.▒▒,,*,*,*
,****,*,,,* *▒.V@..▒*,,,*,* ***
,,,,,,*,,,**▒.D.d...▒,,**,*****,,
**,*****,,,*▒..▒▒▒..+,,,*,,,,,,,*
*,* **,,∩▒∩▒* *▒.▒**,*,,,,,,,*
*,**** ****▒▒*** *▒▒*,,*,,,,,,,*
*,**,** **∩*∩,,** *,**,,,,,,,*
*,,+,,***,,**,,,*****,**,,,,****
****,,,,,,,***,,,**,,,,,,**** *
**,,,,,** *,,,*,,**,,,* *


You could see a shadow dragon (asleep), a red draconian (asleep), a stone giant
(asleep) and a vampire knight.


Message History

The blast of rock fragments hits the caustic shrike!
The caustic shrike is almost dead.
You hear an angry buzzing noise.
The caustic shrike barely misses you.
A caustic shrike comes into view.
The caustic shrike claws you!!
* * * LOW HITPOINT WARNING * * *
You are splashed with acid.
You resist.
* * * LOW HITPOINT WARNING * * *
Blink to where?
Press: ? - help, Dir - move target
As you read the scroll of blinking, it crumbles to dust.
Aiming: Fastroot
Press: ? - help, Shift-Dir - straight line The roots erupt in riotous growth!
Roots grab the caustic shrike.
The grasping roots constrict the caustic shrike.
The caustic shrike struggles to escape constriction. x2
Unknown command.
Unknown command.
The grasping roots constrict the caustic shrike.
The caustic shrike escapes!
Really walk into that teleport trap?
You enter a teleport trap!
The teleport trap disappears.
Your surroundings suddenly seem different.
A stone giant, a vampire knight, a shadow dragon and a red draconian come into view.
The red draconian is wielding a +0 trident of flaming.
The vampire knight hits you with a +3 great mace!!!
You die...

Skill      XL: |  1  2  3  4  5  6  7  8  9 10 11 12 13 14 15 16 17 18 19 20 21 22 23 24 25 26 |
---------------+-------------------------------------------------------------------------------+-----
Spellcasting   | 2 3 4 5 6 7 8 9 10 11 12 13 14 15 16 17 | 17.3
Fire Magic     | 1 2 3 4 5 6 7 8 9 10 11 12 13 14 15 16 17 | 17.1
Conjurations   | 3 4 5 6 7 8 9 10 11 12 13 14 | 14.8
Poison Magic   | 6 7 8 9 10 11 12 | 12.0
Earth Magic    | 2 4 5 6 7 8 |  8.0
Evocations     | 2 3 4 5 6 7 8 9 10 11 12 13 | 13.5
Transmutations | 1 2 3 4 5 6 7 8 9 10 | 10.4
Short Blades   | 1 3 5 6 7 9 10 | 10.0
Stealth        | 2 4 5 6 |  6.0
Shields        | 2 3 4 5 6 7 8 9 10 11 12 | 12.6
Air Magic      | 2 4 5 6 8 9 |  9.0
Fighting       | 1 2 4 5 6 7 8 9 10 11 12 | 12.2
Armour         | 2 3 5 6 |  6.0
Dodging        | 2 3 5 6 7 8 9 10 11 | 11.7
Necromancy     | 3 6 8 9 10 | 10.0

Action                   |  1- 3 |  4- 6 |  7- 9 | 10-12 | 13-15 | 16-18 | 19-21 | 22-24 | 25-27 || total
-------------------------+-------+-------+-------+-------+-------+-------+-------+-------+-------++-------
Melee: Dagger            |    62 |       |    33 |    69 |    11 |     1 |       |       |       ||   176
       Mace              |    20 |    24 |    17 |       |       |       |       |       |       ||    61
       Rapier            |       |       |       |       |       |    14 |    21 |    59 |    26 ||   120
 Cast: Foxfire           |    84 |   133 |   193 |   321 |    92 |       |       |       |       ||   823
       Ignite Poison     |       |       |     6 |    32 |    83 |   269 |   135 |   192 |    66 ||   783
       Sting             |       |       |    20 |    63 |     1 |     1 |       |       |       ||    85
       Stone Arrow       |       |       |     5 |    40 |   157 |   180 |   545 |   197 |   151 ||  1275
       Poisonous Vapours |       |       |       |    21 |   104 |   365 |   189 |   279 |    99 ||  1057
       Olgreb's Toxic Ra |       |       |       |     3 |    27 |    29 |    22 |    43 |    10 ||   134
       Lee's Rapid Decon |       |       |       |       |     8 |    45 |    17 |    26 |    60 ||   156
       Eringya's Noxious |       |       |       |       |     4 |     2 |     2 |       |     1 ||     9
       Fireball          |       |       |       |       |       |       |    77 |    38 |     3 ||   118
       Ignition          |       |       |       |       |       |       |     5 |    75 |    42 ||   122
       Dispel Undead     |       |       |       |       |       |       |       |    24 |     6 ||    30
       Sticky Flame      |       |       |       |       |       |       |       |     1 |       ||     1
Evoke: Wand              |       |       |     7 |     6 |     1 |    15 |     2 |       |    12 ||    43
       Condenser vane    |       |       |       |       |       |     2 |     4 |     1 |       ||     7
       Phial of floods   |       |       |       |       |       |     2 |     3 |       |     1 ||     6
       Lightning rod     |       |       |       |       |       |     4 |     4 |     4 |    12 ||    24
       Piece from Xom's  |       |       |       |       |       |     1 |       |       |       ||     1
       Phantom mirror    |       |       |       |       |       |       |       |     1 |     2 ||     3
  Use: Scroll            |       |     2 |    14 |     7 |     7 |     3 |     4 |     3 |     2 ||    42
       Potion            |       |       |     1 |     4 |     2 |       |       |       |       ||     7
 Stab: Sleeping          |       |       |     1 |     1 |     1 |       |       |       |     2 ||     5
       Paralysed         |       |       |     4 |     3 |       |     1 |       |       |       ||     8
       Distracted        |       |       |       |       |       |       |       |       |     1 ||     1
Armor: Robe              |    36 |     9 |    11 |     7 |       |       |       |       |       ||    63
       Steam dragon scal |       |       |       |    39 |     7 |       |       |       |       ||    46
       Skin              |       |       |       |     8 |       |       |       |       |       ||     8
       Quicksilver drago |       |       |       |       |    24 |    71 |    81 |    95 |    60 ||   331
Dodge: Dodged            |    81 |    36 |    39 |    78 |    24 |   123 |   205 |   167 |    85 ||   838
       Repelled          |       |       |       |     2 |       |    10 |    23 |     8 |     5 ||    48
Block: Other             |       |       |    15 |     8 |       |       |       |       |       ||    23
       Reflection        |       |       |     3 |     3 |     5 |    32 |    11 |       |       ||    54
       Buckler           |       |       |       |    64 |    53 |   164 |   169 |    77 |       ||   527
       Kite shield       |       |       |       |       |     1 |       |       |    80 |    99 ||   180

Levels and vault maps discovered:
D:1:      lemuel_arrival_funnel, layout_rooms, minivault_19,
          grunt_decor_resistance
D:2:      layout_rooms, eino_curves_03, minmay_misc_feat_tower,
          minmay_snake_closets
D:3:      layout_basic, nicolae_overflow_crystal_walls, minmay_misc_feat_iff
D:4:      layout_basic, marbit_many_paths, grunt_temple_overflow_open,
          ebering_ghost_sewer_d
D:5:      layout_gridville, overflow_temple_1_default,
          minmay_temple_entry_fiery, gup_sewer_entry_bubbles
D:6:      layout_rooms, gammafunk_ghost_necromancy
D:7:      layout_basic, lemuel_tele_altar, zin_treasury, serial_shops, shop,
          enter_bailey_5
D:8:      layout_basic, kennysheep_okawaru_gauntlet, uniq_maggie
D:9:      layout_loops_cross, grunt_decor_fettered, uniq_erolcha
D:10:     layout_roguey, vehumet_altar_wand_db, grunt_lair_entry_orc_guard_hut,
          orc_0_dummy, serial_bayou, serial_bayou_lagoon_a, serial_bayou_pond_d,
          serial_bayou_pond_a, serial_bayou_pond_b, nicolae_wooded_promenade
D:11:     layout_rooms
D:12:     layout_basic, portal_ice_cave_entry_ice_simulacra,
          nicolae_stop_n_shop_1
D:13:     layout_rooms
D:14:     layout_roguey, hangedman_vaults_entry_quadrant_bands, basic_altar,
          ebering_ghost_gozag, minivault_8
D:15:     grunt_enter_depths_snipers, layout_stronghold, gauntlet_entry_generic,
          hex_large, chequers_jeans
Temple:   minmay_freezing_vapour_temple
Lair:1:   layout_chaotic_city, lemuel_fruit_fields
Lair:2:   layout_concentric_octagons, lemuel_fruit_fields
Lair:3:   layout_layer_cave, shoals_dummy_entry,
          minmay_snake_entry_guardpost_small, st_stairs_8,
          kilobyte_rumbling_trees
Lair:4:   layout_long_grid, uniq_sonja
Lair:5:   evilmike_catoblepas_cave, layout_cave_pods,
          nicolae_slime_entry_slimehenge, grunt_forest_small_clearings,
          serial_bayou_shore_b
Shoals:1: layout_shoals, serial_shops, shop, ldierk_geyser,
          nicolae_shoals_c_island
Shoals:2: layout_shoals
Shoals:3: layout_shoals, serial_shops, nicolae_stop_n_shop_2,
          gammafunk_ghost_cemetery, lemuel_oklob_altar, uniq_polyphemus,
          uniq_aizul
Shoals:4: shoals_end_hellmonk_storm_palace [storm_palace_center_circular,
          storm_palace_corner_narrow, storm_palace_corner_altar,
          storm_palace_corner_altar, storm_palace_corner_blocked]
Snake:1:  layout_grid_shapes, nicolae_shop_clearance, minmay_shop_grove
Snake:2:  layout_concentric_octagons, st_stairs_1, grunt_ministairs_3,
          serial_bayou_shore_b, grunt_megastairs_3, lemuel_fruit_tree
Snake:3:  layout_basic, guppyfry_library_mini
Snake:4:  minmay_snake_end_coiled, layout_cave_town, nicolae_shop_firing_range,
          serial_bayou_shore_b
Orc:1:    layout_caves, uniq_maurice
Orc:2:    pf_orc_diabolical, layout_caves, basic_altar, serial_shops,
          nicolae_shop_hallway_plus, nicolae_orc_bridge_out, uniq_snorg
Elf:1:    eino_elf_arrival_customs, layout_geoelf_octagon, serial_shops,
          nicolae_shop_overgrown_old_shop, gammafunk_ghost_cemetery,
          minmay_elf_demonology, dreamdust_princess_bridge
Elf:2:    nicolae_elf_blades_splatter_lattice
          [nicolae_vaults_blade_armed_guards], layout_onion_city, serial_shops,
          nicolae_shop_waterfront
Elf:3:    minmay_elf_hall_not_hex, layout_loops_ring, grunt_megastairs_5
Vaults:1: vaults_dpeg_doors, v_misc_25, vaults_room_ringed_pool, v_misc_16,
          hangedman_vaults_river_flow, v_misc_30, ontoclasm_vaults_fault,
          nicolae_vaults_what_the_h, nicolae_vaults_angled_halls, v_misc_27,
          nicolae_vaults_little_ls, vaults_dpeg_cross, ontoclasm_vaults_chip,
          nicolae_vaults_little_squares_5, layout_vaults_ring, serial_shops,
          shop
Vaults:2: nzn_ghost_randoct, vaults_room_pool, v_misc_26, v_rooms_1,
          hangedman_vaults_nails, dpeg_vaults_waves,
          nicolae_vaults_mini_display_case, nicolae_vaults_network_square,
          hangedman_vaults_nails, v_misc_25, minmay_crypt_entry_simple_box,
          vaults_dpeg_hooks, layout_vaults_omnicross
Vaults:3: hangedman_vaults_restitches, vaults_room_fours, st_octagons_1,
          vaults_standard_mumra_x, nicolae_vaults_asterisk, v_misc_10,
          vaults_dpeg_diagonal, v_misc_18, layout_vaults_omnigrid, serial_shops,
          bzr_firewalk
Vaults:4: v_misc_4, nicolae_vaults_network_barrier, v_misc_3, v_pattern_5,
          v_alt_pattern_4, vaults_mumra_minichess,
          ontoclasm_vaults_decontamination, v_misc_29,
          layout_vaults_chaotic_city, serial_shops, nicolae_square_shop
Vaults:5: uniq_frederick, uniq_margery
Depths:1: layout_gridlike, grunt_mini_vestibule, serial_corexii_hall,
          corexii_hall_statues_s, corexii_hall_statues_s,
          corexii_hall_statues_t, corexii_hall_statues_deadend,
          grunt_guarded_unrand_obsidian_axe
Depths:2: grunt_double_whammy, layout_gridlike, enter_ziggurat_c,
          nicolae_dithmenos_the_darkroom, hell_entry, pan_entry,
          infiniplex_enter_wizlab_spiral, gammafunk_ghost_grave,
          uniq_enchantress, uniq_bai_suzhen
Depths:3: minmay_spiral_squares, layout_gridlike, serial_sigils_hangedman_scar,
          abyss_entry, serial_shops, nicolae_diamond_shop,
          nicolae_shop_bloodbath_and_beyond, pf_hell_entry_great_geh,
          minmay_misc_feat_ornament, minmay_staircase_bubble
Depths:4: grunt_zot_entry_pinwheel, layout_basic, rand_demon_pan_entry_4,
          serial_shops, bzr_entry_gold, hell_entry,
          chequers_serial_rivers_micro_d, minmay_shop_star

Notes
Turn   | Place    | Note
-------+----------+-------------------------------------------
     0 | D:1      | Jeffwins the Human Wanderer began the quest for the Orb.
     0 | D:1      | Jeffwins set off with the following items: a +0 dagger, a
                  | potion of brilliance, a +0 robe, a +0 helmet; and the
                  | following spells available to memorise: Sting, Foxfire,
                  | Static Discharge, Ignite Poison, Sticky Flame.
     0 | D:1      | Reached XP level 1. HP: 13/13 MP: 2/2
     2 | D:1      | Learned a level 1 spell: Foxfire
   180 | D:1      | Reached XP level 2. HP: 19/19 MP: 0/3
   733 | D:1      | Reached XP level 3. HP: 24/24 MP: 2/5
   733 | D:1      | Upgraded the game from 0.30-a0-219-gf2db51d15e to
                  | 0.30-a0-439-g9e77e4d916
  1764 | D:2      | Reached XP level 4. HP: 30/30 MP: 0/6
  1827 | D:2      | Reached skill level 2 in Spellcasting
  1827 | D:2      | Reached skill level 1 in Fire Magic
  2102 | D:2      | Reached skill level 3 in Conjurations
  2698 | D:3      | Reached XP level 5. HP: 35/35 MP: 5/8
  3101 | D:3      | Found an opulent altar of Gozag.
  3159 | D:3      | Reached skill level 2 in Fire Magic
  3163 | D:3      | Reached XP level 6. HP: 40/41 MP: 0/10
  3858 | D:4      | Learned a level 4 spell: Sticky Flame
  3889 | D:4      | Reached skill level 3 in Spellcasting
  4071 | D:4      | Found a runed translucent door.
  4073 | D:4      | Noticed McMuffin's ghost (amateur DsWn)
  4199 | D:4      | Noticed an ogre
  4205 | D:4      | Killed an ogre
  4206 | D:4      | Reached skill level 4 in Conjurations
  4206 | D:4      | Reached XP level 7. HP: 46/46 MP: 4/11
  4284 | D:4      | Found a blossoming altar of Fedhas.
  4286 | D:4      | Found an ornate altar of the Wu Jian Council.
  4288 | D:4      | Found an ancient bone altar of Kikubaaqudgha.
  4291 | D:4      | Found a broken altar of Ashenzari.
  4512 | D:4      | Found a sparkling altar of Nemelex Xobeh.
  4786 | D:5      | Entered Level 5 of the Dungeon
  4790 | D:5      | Reached skill level 3 in Fire Magic
  5139 | D:5      | Found a glowing drain.
  5169 | Sewer    | Entered a sewer
  5417 | D:5      | Identified a potion of resistance
  5757 | D:5      | Found a glowing golden altar of the Shining One.
  5784 | D:5      | Found a staircase to the Ecumenical Temple.
  6031 | D:5      | Learned a level 3 spell: Stone Arrow
  6119 | D:5      | Reached skill level 4 in Spellcasting
  6119 | D:5      | Reached skill level 6 in Poison Magic
  6119 | D:5      | Reached XP level 8. HP: 52/52 MP: 5/14
  6220 | D:5      | Reached skill level 1 in Earth Magic
  6506 | D:5      | Reached skill level 5 in Conjurations
  6506 | D:5      | Reached skill level 2 in Evocations
  6615 | D:6      | Learned a level 3 spell: Ignite Poison
  6632 | D:6      | Reached skill level 4 in Fire Magic
  6825 | D:6      | Reached skill level 2 in Earth Magic
  6970 | D:6      | Noticed a yak
  7258 | Temple   | Entered the Ecumenical Temple
  7339 | D:6      | Noticed a yak
  7339 | D:6      | Noticed a yak
  7339 | D:6      | Noticed a yak
  7368 | D:5      | Killed a yak
  7369 | D:5      | Reached skill level 1 in Transmutations
  7533 | D:6      | Noticed a yak
  7537 | D:5      | Killed a yak
  7538 | D:5      | Reached XP level 9. HP: 19/57 MP: 9/16
  7540 | D:5      | Learned a level 1 spell: Sting
  7691 | D:6      | Reached skill level 3 in Earth Magic
  7714 | D:6      | Reached skill level 5 in Spellcasting
  7714 | D:6      | Reached skill level 5 in Fire Magic
  7728 | D:6      | Reached skill level 6 in Conjurations
  7728 | D:6      | Reached skill level 2 in Transmutations
  7728 | D:6      | Reached skill level 3 in Evocations
  7952 | D:6      | Identified the +0 cloak "Yttuomn" {Fly Will++ Int-4}
  8086 | D:6      | Found a runed translucent gate.
  8087 | D:6      | Found a runed translucent gate.
  8090 | D:6      | Found a runed translucent gate.
  8093 | D:6      | Noticed benadryl's ghost (novice TrCj)
  8399 | D:7      | Found a flagged portal.
  8478 | Bailey   | Entered a bailey
  8500 | Bailey   | Reached skill level 4 in Earth Magic
  8507 | Bailey   | Reached skill level 1 in Short Blades
  8507 | Bailey   | Gained mutation: You are covered in fur. (AC +1) [potion of
                  | mutation]
  8507 | Bailey   | Gained mutation: You are partially covered in iridescent
                  | scales. (AC +2) [potion of mutation]
  8507 | Bailey   | Gained mutation: Your flesh is heat resistant. (rF+)
                  | [potion of mutation]
  8507 | Bailey   | Gained mutation: You have hidden genetic potential. [potion
                  | of mutation]
  8521 | Bailey   | Reached XP level 10. HP: 22/63 MP: 4/18
  8525 | Bailey   | HP: 3/63 [bullfrog (7)]
  8558 | Bailey   | Reached skill level 2 in Short Blades
  8638 | Bailey   | Reached skill level 2 in Stealth
  8656 | Bailey   | Reached skill level 3 in Transmutations
  8656 | Bailey   | Reached skill level 6 in Fire Magic
  8659 | Bailey   | Reached skill level 6 in Spellcasting
  8964 | Bailey   | Noticed a vault guard
  8964 | Bailey   | Noticed Prince Ribbit
  8980 | Bailey   | Killed a vault guard
  8981 | Bailey   | Reached skill level 3 in Short Blades
  8981 | Bailey   | Reached skill level 7 in Conjurations
  8981 | Bailey   | Reached skill level 5 in Earth Magic
  8983 | Bailey   | Killed Prince Ribbit
  8984 | Bailey   | Reached skill level 4 in Evocations
  8986 | Bailey   | Gained mutation: You are agile. (Dex +4, Str/Int -1)
                  | [hidden potential]
  9114 | Bailey   | Noticed a vault guard
  9142 | Bailey   | Killed a vault guard
  9329 | D:7      | Found Fusue's Distillery.
  9489 | D:7      | Bought a potion of heal wounds for 65 gold pieces
  9489 | D:7      | Bought a potion of lignification for 39 gold pieces
  9603 | D:7      | Found a sacrificial altar of Ru.
  9778 | D:7      | Reached XP level 11. HP: 63/68 MP: 14/20
 10082 | D:7      | Found a glowing silver altar of Zin.
 10262 | D:8      | Identified the +0 hat of the Mind {rCorr Str+4 Dex+2}
 10276 | D:8      | Found an iron altar of Okawaru.
 10448 | D:8      | Noticed Maggie
 10457 | D:8      | Killed Maggie
 10458 | D:8      | Reached skill level 3 in Stealth
 10575 | D:8      | Reached skill level 4 in Short Blades
 10760 | D:8      | Noticed a two-headed ogre
 10786 | D:8      | Killed a two-headed ogre
 10787 | D:8      | Reached skill level 1 in Shields
 10787 | D:8      | Reached skill level 7 in Fire Magic
 11209 | D:9      | Noticed Erolcha
 11220 | D:9      | Gained mutation: You possess an exceptional clarity of
                  | mind. [hidden potential]
 11220 | D:9      | Lost mutation: You have hidden genetic potential. [hidden
                  | potential expressed]
 11226 | D:9      | Killed Erolcha
 11227 | D:9      | Reached skill level 7 in Spellcasting
 11227 | D:9      | Reached skill level 4 in Transmutations
 11227 | D:9      | Reached skill level 6 in Earth Magic
 11458 | D:9      | Noticed a cyclops
 11467 | D:9      | Killed a cyclops
 12020 | D:10     | Entered Level 10 of the Dungeon
 12047 | D:10     | Reached skill level 8 in Conjurations
 12123 | D:10     | Paralysed by a hornet for 3 turns
 12488 | D:10     | Noticed a boulder beetle
 12556 | D:10     | Killed a boulder beetle
 12557 | D:10     | Reached skill level 4 in Stealth
 12557 | D:10     | Reached skill level 2 in Shields
 12689 | D:10     | Reached skill level 5 in Short Blades
 12756 | D:10     | Found a staircase to the Orcish Mines.
 12879 | D:10     | Noticed a two-headed ogre
 12889 | D:10     | Killed a two-headed ogre
 12890 | D:10     | Reached XP level 12. HP: 45/74 MP: 14/23
 13029 | D:10     | HP: 7/74 [yak (2)]
 13207 | D:10     | Found Dimnitoh's Armour Shop.
 13208 | D:10     | Found Xenuc's General Store.
 13209 | D:10     | Found Piozxeb's Armour Shoppe.
 13209 | D:10     | Found Tidolamn's Magic Scroll Emporium.
 13210 | D:10     | Found Kioc Git's Book Shoppe.
 13210 | D:10     | Found Asea's Assorted Antiques.
 13454 | D:10     | Reached skill level 5 in Evocations
 13751 | D:10     | Found a staircase to the Lair.
 13981 | D:10     | Found a radiant altar of Vehumet.
 13993 | D:10     | Reached skill level 8 in Fire Magic
 14075 | D:10     | Bought a scroll labelled ITOHAO BOAGU for 23 gold pieces
 14075 | D:10     | Bought a scroll of identify for 46 gold pieces
 14079 | D:10     | Bought a scroll of identify for 20 gold pieces
 14079 | D:10     | Bought a scroll of teleportation for 30 gold pieces
 14102 | D:10     | Became a worshipper of Vehumet
 14145 | D:10     | Learned a level 2 spell: Poisonous Vapours
 14150 | D:10     | Learned a level 4 spell: Olgreb's Toxic Radiance
 14633 | Orc:1    | Entered Level 1 of the Orcish Mines
 14637 | Orc:1    | Reached skill level 1 in Air Magic
 14637 | Orc:1    | Reached skill level 7 in Earth Magic
 14987 | D:11     | Noticed a two-headed ogre
 14991 | D:11     | Killed a two-headed ogre
 15138 | D:11     | Noticed a two-headed ogre
 15148 | D:11     | Killed a two-headed ogre
 15150 | D:11     | Reached skill level 6 in Short Blades
 15388 | D:12     | Found Jiomats's Distillery.
 15388 | D:12     | Found a frozen archway.
 15398 | D:11     | Reached skill level 3 in Shields
 15504 | D:12     | Reached * piety under Vehumet
 15504 | D:12     | Offered knowledge of Sandblast by Vehumet.
 15505 | D:12     | Reached skill level 2 in Air Magic
 15506 | D:12     | Reached skill level 8 in Spellcasting
 15735 | IceCv    | Entered an ice cave
 15763 | IceCv    | Reached XP level 13. HP: 79/79 MP: 24/25
 15883 | IceCv    | Reached skill level 9 in Conjurations
 16046 | IceCv    | Offered knowledge of Scorch by Vehumet.
 16115 | IceCv    | Reached ** piety under Vehumet
 16266 | IceCv    | Reached skill level 5 in Transmutations
 16405 | IceCv    | Reached skill level 5 in Stealth
 16578 | IceCv    | Offered knowledge of Hailstorm by Vehumet.
 17129 | IceCv    | HP: 7/79 [something (14)]
 17433 | IceCv    | Reached skill level 3 in Air Magic
 17491 | IceCv    | Reached *** piety under Vehumet
 17595 | D:12     | Bought a potion of heal wounds for 55 gold pieces
 17596 | D:12     | Identified a scroll of acquirement
 17597 | D:12     | Identified a potion of experience
 17599 | D:12     | Reached skill level 1 in Fighting
 17599 | D:12     | Reached skill level 7 in Short Blades
 17599 | D:12     | Reached skill level 9 in Fire Magic
 17599 | D:12     | Reached skill level 4 in Air Magic
 17599 | D:12     | Reached skill level 7 in Poison Magic
 17599 | D:12     | Reached XP level 14. HP: 89/89 MP: 26/26
 17816 | D:12     | Reached skill level 4 in Shields
 17823 | D:12     | Reached skill level 6 in Evocations
 18212 | D:10     | Bought a Fen Folio for 546 gold pieces
 18219 | D:10     | Learned a level 6 spell: Eringya's Noxious Bog
 18225 | D:10     | Learned a level 5 spell: Lee's Rapid Deconstruction
 18257 | Lair:1   | Entered Level 1 of the Lair of Beasts
 18678 | Lair:1   | Offered knowledge of Kindle Blastsparks by Vehumet.
 18680 | Lair:1   | Reached skill level 2 in Fighting
 18785 | Lair:1   | Reached skill level 8 in Earth Magic
 19427 | Lair:2   | Reached skill level 9 in Spellcasting
 19543 | Lair:2   | Reached **** piety under Vehumet
 19563 | Lair:2   | Reached skill level 5 in Air Magic
 19563 | Lair:2   | Reached skill level 8 in Poison Magic
 20208 | Lair:3   | Found a staircase to the Shoals.
 20314 | Lair:3   | Found a staircase to the Snake Pit.
 20456 | Lair:3   | Reached skill level 6 in Transmutations
 20691 | Lair:3   | Reached XP level 15. HP: 97/97 MP: 26/28
 20780 | Lair:3   | Offered knowledge of Irradiate by Vehumet.
 20853 | Lair:3   | Reached skill level 8 in Short Blades
 21769 | Lair:4   | Reached skill level 3 in Fighting
 21940 | Lair:4   | Reached skill level 6 in Stealth
 22311 | Lair:4   | Reached skill level 10 in Fire Magic
 22557 | Lair:4   | Identified the +0 scale mail "Paodgh" {rPois Str-3 Dex+7}
 22581 | Lair:4   | Reached skill level 6 in Air Magic
 22584 | Lair:4   | Reached skill level 1 in Armour
 22973 | Lair:4   | Noticed Sonja
 22975 | Lair:4   | Killed Sonja
 22976 | Lair:4   | Reached skill level 1 in Dodging
 23001 | Lair:4   | Acquired 561 gold pieces
 23185 | Lair:5   | Entered Level 5 of the Lair of Beasts
 23207 | Lair:5   | Reached skill level 5 in Shields
 23245 | Lair:5   | Reached ***** piety under Vehumet
 23360 | Lair:5   | Offered knowledge of Iskenderun's Battlesphere by Vehumet.
 23490 | Lair:5   | Found a staircase to the Slime Pits.
 23492 | Lair:5   | Found a viscous altar of Jiyva.
 23780 | Lair:5   | Reached skill level 7 in Evocations
 24015 | Lair:5   | Reached skill level 9 in Poison Magic
 24076 | Lair:5   | Reached skill level 2 in Armour
 24077 | Lair:5   | Reached skill level 2 in Dodging
 24224 | Lair:5   | Reached skill level 10 in Spellcasting
 24227 | Lair:5   | Reached skill level 4 in Fighting
 24403 | Lair:5   | Reached skill level 9 in Short Blades
 24498 | Lair:5   | Reached XP level 16. HP: 106/106 MP: 30/30
 24607 | Lair:5   | Identified the +11 hand axe of the Elven Halls {venom,
                  | Str+4 Dex+6}
 24643 | Lair:5   | Got Fioffaoma's Vellum of the Scorched Iceberg
 25489 | Orc:2    | Entered Level 2 of the Orcish Mines
 25489 | Orc:2    | Found a staircase to the Elven Halls.
 26045 | Orc:2    | Noticed Snorg
 26051 | Orc:2    | Killed Snorg
 26052 | Orc:2    | Reached skill level 7 in Transmutations
 26180 | Orc:2    | Found Elei's Antique Weapon Shoppe.
 26188 | Orc:2    | Bought a smoking rapier for 225 gold pieces
 26188 | Orc:2    | Identified the +0 rapier "Puwuto" {elec, Int+3} (You bought
                  | it in a shop on level 2 of the Orcish Mines)
 26368 | Orc:1    | Noticed Maurice
 26371 | Orc:1    | Killed Maurice
 26372 | Orc:1    | Reached skill level 3 in Armour
 26375 | Orc:1    | Reached skill level 3 in Dodging
 26383 | Orc:1    | Offered knowledge of Starburst by Vehumet.
 26537 | Orc:2    | Found Rutenil's General Store.
 26560 | Orc:2    | Found Pidil's Magic Scroll Boutique.
 26581 | Orc:2    | Bought a scroll of blinking for 112 gold pieces
 27019 | Orc:2    | Reached skill level 11 in Fire Magic
 27216 | Orc:2    | Paralysed by an orc sorcerer for 5 turns
 27224 | Orc:2    | Found Dyaley's Antique Armour Emporium.
 27224 | Orc:2    | Found Ipheesh's Book Shoppe.
 27225 | Orc:2    | Found a one-way gate leading to the halls of Pandemonium.
 27542 | D:13     | Reached skill level 6 in Shields
 27542 | D:13     | Reached skill level 10 in Poison Magic
 27686 | D:13     | Reached skill level 5 in Fighting
 28030 | D:13     | Identified the amulet "Zacenifi" {Acrobat rF+++ Will- rCorr
                  | Str-3}
 28292 | D:14     | Reached skill level 10 in Short Blades
 28314 | D:14     | Found an ornate altar of the Wu Jian Council.
 28476 | D:14     | Reached skill level 8 in Evocations
 28595 | D:14     | Reached XP level 17. HP: 115/115 MP: 31/31
 28814 | D:14     | Found a runed translucent gate.
 28814 | D:14     | Found a runed translucent gate.
 28814 | D:14     | Found a runed translucent gate.
 28816 | D:14     | Found an opulent altar of Gozag.
 28837 | D:14     | Found a gate to the Vaults.
 29016 | D:14     | Found Lepek's Assorted Antiques.
 29016 | D:14     | Noticed a storm dragon
 29017 | D:14     | Noticed Eweu's ghost (adept DjFE)
 29109 | D:14     | Reached skill level 4 in Armour
 29250 | D:14     | Reached skill level 4 in Dodging
 29465 | D:14     | Identified the +8 whip of Otemufastu {flame, rC+++}
 29977 | D:15     | Entered Level 15 of the Dungeon
 30075 | D:15     | Found a gate leading to a gauntlet.
 30089 | Gauntlet | Entered a Gauntlet
 30089 | Gauntlet | Found a transporter.
 30089 | Gauntlet | Found a transporter.
 30089 | Gauntlet | Found a large runed translucent door.
 30089 | Gauntlet | Found a large runed translucent door.
 30089 | Gauntlet | Found a large runed translucent door.
 30089 | Gauntlet | Found a large runed translucent door.
 30089 | Gauntlet | Found a large runed translucent door.
 30089 | Gauntlet | Found a large runed translucent door.
 30089 | Gauntlet | Found a runed translucent door.
 30089 | Gauntlet | Found a runed translucent door.
 30089 | Gauntlet | Found a large runed translucent door.
 30089 | Gauntlet | Found a large runed translucent door.
 30089 | Gauntlet | Found a large runed translucent door.
 30089 | Gauntlet | Found a large runed translucent door.
 30089 | Gauntlet | Found a large runed translucent door.
 30089 | Gauntlet | Found a large runed translucent door.
 30093 | Gauntlet | Found a transporter.
 30093 | Gauntlet | Found a transporter.
 30094 | Gauntlet | Found a large runed translucent door.
 30094 | Gauntlet | Found a large runed translucent door.
 30094 | Gauntlet | Found a large runed translucent door.
 30094 | Gauntlet | Found a large runed translucent door.
 30098 | Gauntlet | Found a runed translucent gate.
 30098 | Gauntlet | Found a runed translucent gate.
 30098 | Gauntlet | Found a runed translucent gate.
 30107 | Gauntlet | Found a transporter.
 30113 | Gauntlet | Found a transporter.
 30113 | Gauntlet | Found a transporter.
 30116 | Gauntlet | Found a transporter.
 30143 | Gauntlet | Found a transporter.
 30150 | Gauntlet | Found a transporter.
 30170 | Gauntlet | Found a transporter.
 30180 | Gauntlet | Found a transporter.
 30225 | Gauntlet | Found a transporter.
 30247 | Gauntlet | Found a transporter.
 30343 | Gauntlet | Found a transporter.
 30357 | Gauntlet | Found a transporter.
 30556 | Gauntlet | Offered knowledge of Arcjolt by Vehumet.
 30838 | Gauntlet | Paralysed by a great orb of eyes for 4 turns
 30845 | Gauntlet | Identified the +1 pair of gloves of Sharp Satisfaction
                  | {Dex+4}
 30928 | Gauntlet | Identified the +6 flail "Zyum" {venom, Fragile rPois rC++
                  | Stlth+}
 31111 | D:15     | Reached skill level 11 in Spellcasting
 31997 | D:15     | Found a staircase to the Depths.
 32399 | Shoals:1 | Entered Level 1 of the Shoals
 32399 | Shoals:1 | Found Biody's Armour Emporium.
 32443 | Shoals:1 | Found Tudgh's Weapon Boutique.
 32974 | Shoals:1 | Reached skill level 6 in Fighting
 32974 | Shoals:1 | Reached skill level 8 in Transmutations
 33039 | Shoals:1 | Reached skill level 12 in Fire Magic
 33039 | Shoals:1 | Reached skill level 11 in Poison Magic
 33383 | Shoals:2 | Reached skill level 7 in Shields
 33692 | Shoals:2 | Reached skill level 5 in Dodging
 33733 | Shoals:2 | Reached skill level 5 in Armour
 33768 | Shoals:2 | Reached XP level 18. HP: 121/123 MP: 14/33
 33769 | Shoals:2 | Offered knowledge of Fireball by Vehumet.
 34189 | Shoals:3 | Found Firoq's General Store.
 34294 | Shoals:3 | Noticed Aizul
 34328 | Shoals:3 | Killed Aizul
 34451 | Shoals:3 | Found a broken altar of Ashenzari.
 34708 | Shoals:3 | Found a runed translucent gate.
 34708 | Shoals:3 | Found a runed translucent gate.
 34721 | Shoals:3 | Found a runed translucent gate.
 34722 | Shoals:3 | Noticed Polyphemus
 34727 | Shoals:3 | Killed Polyphemus
 34904 | Shoals:3 | Noticed Mecsish's ghost (adept AtWn)
 34904 | Shoals:3 | Noticed Ocievil's ghost (adept AtFi)
 34904 | Shoals:3 | Noticed Tagont's ghost (adept DsGl)
 34980 | Shoals:3 | Reached skill level 9 in Evocations
 35097 | D:10     | Bought Great Wizards, Vol. II for 494 gold pieces
 35097 | D:10     | Bought a book of Touch for 286 gold pieces
 35202 | Orc:2    | Learned a level 4 spell: Dispel Undead
 35208 | Orc:2    | Learned a level 5 spell: Fireball
 35628 | Shoals:4 | Entered Level 4 of the Shoals
 35628 | Shoals:4 | Found the +3 salamander hide armour {Flames rF++ rC--}
 35628 | Shoals:4 | Found a stormy altar of Qazlal.
 35635 | Shoals:4 | Paralysed by an air elemental for 1 turns
 35640 | Shoals:4 | Paralysed by an air elemental for 1 turns
 35644 | Shoals:3 | Paralysed by an air elemental for 1 turns
 35730 | Shoals:4 | Reached skill level 1 in Necromancy
 35847 | Shoals:4 | Paralysed by an air elemental for 1 turns
 35993 | Shoals:4 | Paralysed by an air elemental for 1 turns
 36287 | Shoals:4 | Identified the ring of Fuck {Drain rCorr Str+3 Int+3}
 36497 | Shoals:4 | Paralysed by an air elemental for 1 turns
 36499 | Shoals:4 | Reached skill level 2 in Necromancy
 36501 | Shoals:4 | Paralysed by an air elemental for 1 turns
 36525 | Shoals:4 | Reached skill level 12 in Spellcasting
 36667 | Shoals:4 | Noticed a titan
 36673 | Shoals:4 | Killed a titan
 36729 | Shoals:4 | Paralysed by an air elemental for 1 turns
 37120 | Shoals:4 | Offered knowledge of Freezing Cloud by Vehumet.
 37121 | Shoals:4 | Reached skill level 7 in Fighting
 37121 | Shoals:4 | Reached skill level 12 in Poison Magic
 37196 | Shoals:4 | Reached skill level 6 in Dodging
 37199 | Shoals:4 | Reached skill level 6 in Armour
 37204 | Shoals:4 | Paralysed by an air elemental for 1 turns
 37212 | Shoals:4 | Found a stormy altar of Qazlal.
 37455 | Shoals:4 | Got a barnacled rune of Zot
 37458 | Shoals:4 | Got Duqeddy's Papyrus of the Barrage
 37681 | Shoals:4 | Paralysed by an air elemental for 1 turns
 37683 | Shoals:4 | Paralysed by an air elemental for 1 turns
 37848 | Shoals:4 | Reached skill level 3 in Necromancy
 38069 | Shoals:4 | Identified the +6 great mace of Xuig {antimagic, rC- Str+8
                  | Int-4}
 38172 | Shoals:4 | Paralysed by an air elemental for 1 turns
 38183 | Shoals:4 | Reached skill level 8 in Shields
 38453 | Elf:1    | Entered Level 1 of the Elven Halls
 38460 | Elf:1    | Reached skill level 9 in Transmutations
 38460 | Elf:1    | Reached XP level 19. HP: 132/132 MP: 27/35
 38543 | Elf:1    | Reached ****** piety under Vehumet
 38642 | Elf:1    | Reached skill level 4 in Necromancy
 38866 | Elf:1    | Paralysed by an air elemental for 1 turns
 39007 | Elf:1    | Offered knowledge of Ozocubu's Refrigeration by Vehumet.
 39008 | Elf:1    | Found a runed translucent gate.
 39009 | Elf:1    | Found a runed translucent gate.
 39010 | Elf:1    | Found a runed translucent gate.
 39011 | Elf:1    | Noticed cforsyth's ghost (adept MiBe)
 39011 | Elf:1    | Noticed Novon's ghost (adept DsGl)
 39038 | Elf:1    | Found Xoudghou's Antique Weapon Boutique.
 39306 | Elf:1    | Got the Disquisition on the Congregation
 39456 | Elf:1    | Reached skill level 5 in Necromancy
 40361 | Elf:1    | Found the +8 demon trident "Rift" {distort, reach+}
 40431 | Elf:2    | Reached skill level 7 in Dodging
 40518 | Elf:2    | Acquired the +1 pair of gloves of Elyvilon's Supremacy
                  | {*Corrode +Blink rElec Int+6}
 40689 | Elf:2    | Reached skill level 8 in Fighting
 40692 | Elf:2    | Found Gientorph's Weapon Boutique.
 40805 | Elf:2    | Reached skill level 10 in Evocations
 40881 | Elf:2    | Reached skill level 13 in Spellcasting
 40881 | Elf:2    | Reached skill level 6 in Necromancy
 41096 | Elf:2    | Found a runed translucent gate.
 41096 | Elf:2    | Found a runed translucent gate.
 41102 | Elf:2    | Found a runed translucent gate.
 41637 | Elf:3    | Entered Level 3 of the Elven Halls
 41731 | Elf:3    | Offered knowledge of Ignition by Vehumet.
 41900 | Elf:3    | Reached XP level 20. HP: 141/141 MP: 31/37
 41909 | Elf:3    | Learned a level 8 spell: Ignition
 41966 | Elf:3    | Reached skill level 9 in Shields
 42473 | Elf:3    | Reached skill level 7 in Necromancy
 42840 | Elf:3    | Identified the ring "Vesuloho" {rCorr Dex+3 Slay+3 SInv}
 42851 | Elf:3    | Reached skill level 10 in Transmutations
 43268 | Elf:3    | Identified the +5 ring mail of Nibiuff {rCorr Int+5}
 43275 | Elf:3    | Identified the ring of Wasye {rElec Int+6 Dex+3}
 43479 | Elf:3    | You are cast into the Abyss!
 43479 | Abyss:3  | Cast into level 3 of the Abyss (a deep elf sorcerer)
 43659 | Elf:3    | You pass through the gate.
 43659 | Elf:3    | Escaped the Abyss
 43663 | Elf:3    | Reached skill level 8 in Dodging
 43810 | Elf:3    | Got Nosinudu's Parchment of Turbulent Contamination
 43890 | Elf:3    | Identified the +0 chain mail "Kunieleo" {+Blink rF- Str+4
                  | Slay+3}
 44145 | Elf:3    | Reached skill level 8 in Necromancy
 44423 | Snake:1  | Entered Level 1 of the Snake Pit
 44579 | Snake:1  | Found Atixamer's CLEARANCE SALE!.
 44779 | Snake:1  | Offered knowledge of Polar Vortex by Vehumet.
 44856 | Snake:1  | You fall into a shaft and drop 1 floor!
 45190 | Snake:1  | Found Mezuh's Jewellery Shop.
 45191 | Snake:1  | Found Joveut's Book Shoppe.
 45193 | Snake:1  | Found Imueh's Jewellery Shop.
 45207 | Snake:1  | Bought the ring "Awkoetzay" {rElec rPois rC+} for 697 gold
                  | pieces
 45214 | Snake:1  | Bought the ring "Cucidikh" {Fire Str+3} for 536 gold pieces
 45661 | Snake:2  | Reached skill level 9 in Fighting
 45767 | Snake:2  | Reached skill level 13 in Fire Magic
 45768 | Snake:2  | Reached XP level 21. HP: 137/150 MP: 19/38
 46189 | Snake:2  | Reached skill level 14 in Spellcasting
 47086 | Snake:3  | Reached skill level 11 in Evocations
 47683 | Snake:3  | Reached skill level 10 in Shields
 47686 | Snake:3  | Reached skill level 10 in Conjurations
 48030 | Snake:3  | Identified the +7 quarterstaff of Defilement {drain, Str+5}
 49159 | Snake:4  | Entered Level 4 of the Snake Pit
 49739 | Snake:4  | Found Plog's Firing Range.
 49949 | Snake:4  | Reached skill level 9 in Dodging
 50413 | Snake:4  | Reached XP level 22. HP: 139/159 MP: 21/40
 50540 | Snake:4  | Reached skill level 14 in Fire Magic
 50752 | Snake:4  | Got a serpentine rune of Zot
 51003 | Vaults:1 | Entered Level 1 of the Vaults
 51231 | Vaults:1 | Reached skill level 11 in Conjurations
 51235 | Vaults:1 | Reached skill level 10 in Fighting
 51505 | Vaults:1 | Reached skill level 15 in Spellcasting
 51759 | Vaults:1 | Found Kucrok Omao's Book Shop.
 52849 | Vaults:2 | Found a staircase to the Crypt.
 53106 | Vaults:2 | Noticed Fiqoroah's ghost (veteran HuWn)
 53115 | Vaults:2 | Noticed quinnr's ghost (adept NaIE)
 53119 | Vaults:2 | Noticed a dread lich
 53125 | Vaults:2 | Found a transporter.
 53131 | Vaults:2 | Found a transporter.
 53306 | Vaults:2 | Reached skill level 12 in Evocations
 53308 | Vaults:2 | Reached skill level 11 in Shields
 53452 | Vaults:2 | Identified the +1 pair of boots of Goom {Int+3 Stlth+}
 53498 | Vaults:2 | Reached XP level 23. HP: 136/167 MP: 39/42
 53566 | Vaults:2 | Identified the ring "Teralain" {rF+ rN+ Str+3}
 53617 | Vaults:2 | Reached skill level 12 in Conjurations
 53794 | Vaults:2 | Identified the +1 helmet of the Maze {rPois rF+ rC- Regen+}
 54327 | D:4      | Killed McMuffin's ghost
 54433 | D:6      | Reached skill level 15 in Fire Magic
 54434 | D:6      | Killed benadryl's ghost
 54675 | Vaults:3 | Reached skill level 10 in Dodging
 55627 | Vaults:3 | You fall into a shaft and drop 1 floor!
 55844 | Vaults:4 | Reached skill level 11 in Fighting
 55857 | Vaults:4 | Reached skill level 16 in Spellcasting
 56036 | Vaults:3 | Identified the +3 leather armour "Ikkiol" {+Inv Str+3 Int+6
                  | SInv}
 56564 | Vaults:4 | Found Nogor's Jewellery Boutique.
 56813 | Vaults:4 | Reached XP level 24. HP: 175/175 MP: 42/43
 56860 | Vaults:4 | Reached skill level 9 in Necromancy
 56906 | Vaults:4 | Reached skill level 13 in Conjurations
 57633 | Vaults:5 | Entered Level 5 of the Vaults
 57635 | Vaults:5 | Noticed a dread lich
 57776 | Vaults:5 | Noticed Frederick
 58023 | Depths:1 | Entered Level 1 of the Depths
 58107 | Depths:1 | Reached skill level 16 in Fire Magic
 58375 | Depths:1 | Learned a level 8 spell: Maxwell's Capacitive Coupling
 58611 | Depths:1 | Found a burning altar of Makhleb.
 58676 | Depths:1 | Found a burning altar of Makhleb.
 58676 | Depths:1 | Found the +14 obsidian axe {vorpal, Mesm Drain Fly SInv}
 59120 | Depths:1 | Reached skill level 12 in Shields
 59139 | Depths:1 | Found a gateway to Hell.
 59803 | Depths:2 | Reached skill level 11 in Dodging
 59854 | Depths:2 | Found a runed translucent door.
 59855 | Depths:2 | Noticed Zatt's ghost (adept SpAK)
 59887 | Depths:2 | Noticed the Enchantress
 59906 | Depths:2 | Killed the Enchantress
 59928 | Depths:2 | Found a magical portal.
 59947 | WizLab   | Entered Tukima's Studio
 60133 | WizLab   | Found the +3 Mad Mage's Maulers {Infuse+∞ RegenMP Int-3}
 60144 | WizLab   | Identified the +4 hand crossbow of Disorder {speed, rF+
                  | Str+6 Int-3 Stlth+}
 60147 | WizLab   | Reached skill level 13 in Evocations
 60147 | WizLab   | Reached XP level 25. HP: 150/183 MP: 12/43
 60173 | WizLab   | Reached skill level 7 in Air Magic
 60258 | WizLab   | Noticed Jeffwins's illusion
 60398 | WizLab   | Noticed Jeffwins's illusion
 60408 | WizLab   | Noticed Jeffwins's illusion
 60630 | WizLab   | Identified the +1 hat "Ampusog" {rN+}
 60690 | Depths:2 | Reached skill level 14 in Conjurations
 60713 | Depths:2 | Found a one-way gateway to a ziggurat.
 60713 | Depths:2 | Noticed an ancient lich
 60725 | Depths:2 | Killed an ancient lich
 61028 | Depths:2 | Identified the +1 flail of Zodelyaf {vorpal, rPois rF+}
 61286 | Depths:2 | Noticed Bai Suzhen
 61385 | Depths:2 | Found a shadowy altar of Dithmenos.
 61640 | Depths:1 | Killed Bai Suzhen
 61908 | Depths:2 | Killed Zatt's ghost
 61909 | Depths:2 | Reached skill level 10 in Necromancy
 62698 | Depths:3 | Found a one-way gate to the infinite horrors of the Abyss.
 62705 | Depths:3 | Found Bikhlu Hehapu's Jewellery Shop.
 62746 | Depths:3 | Bought the amulet of Vitality {RegenMP++ Regen++} for 1300
                  | gold pieces
 62746 | Depths:3 | Found the amulet of Vitality {RegenMP++ Regen++}
 62824 | Depths:3 | Reached skill level 17 in Spellcasting
 63040 | Depths:3 | Reached skill level 8 in Air Magic
 63183 | Depths:3 | Reached skill level 12 in Fighting
 63659 | Depths:3 | Identified the ring of the Two Names {rPois MP+9}
 63735 | Depths:3 | Noticed a juggernaut
 63743 | Depths:3 | Killed a juggernaut
 63809 | Depths:3 | Noticed a juggernaut
 63815 | Depths:3 | Killed a juggernaut
 63886 | Depths:3 | Reached skill level 17 in Fire Magic
 63927 | Depths:3 | Found Vaigg's Weapon Shop.
 64011 | Depths:3 | Reached XP level 26. HP: 187/191 MP: 29/44
 64144 | Depths:3 | Got the Omnibus of Charged Envenoming
 64208 | Depths:3 | Identified the ring of Huiwn {MP+9 Slay+6}
 64464 | Depths:4 | Entered Level 4 of the Depths
 64477 | Depths:4 | Found Gyuw's Antique Weapon Emporium.
 64499 | Depths:4 | Found a flickering gateway to a bazaar.
 64523 | Bazaar   | Entered a bazaar
 64527 | Bazaar   | Found Nezum Pint's Jewellery Boutique.
 64549 | Bazaar   | Found Osun's Antique Armour Emporium.
 64570 | Bazaar   | Found Dualuroaq's Book Boutique.
 64590 | Bazaar   | Found Ifoy's Antique Weapon Shoppe.
 64713 | Depths:4 | Noticed a caustic shrike
 64723 | Depths:4 | Noticed a caustic shrike
 64724 | Depths:4 | Killed a caustic shrike
 64728 | Depths:4 | Noticed a caustic shrike
 64730 | Depths:4 | Killed a caustic shrike
 64731 | Depths:4 | Reached skill level 9 in Air Magic
 64732 | Depths:4 | Noticed a caustic shrike
 64733 | Depths:4 | Noticed a caustic shrike
 64737 | Depths:4 | Slain by a vampire knight

Vanquished Creatures
  An ancient lich (Depths:2)
  2 juggernauts (Depths:3)
  Bai Suzhen (Depths:1)
  A golden dragon (Depths:3)
  2 caustic shrikes (Depths:4)
  the Enchantress (Depths:2)
  A tentacled monstrosity (Depths:3)
  A walking crystal tome (WizLab)
  3 liches
  4 titans
  A quicksilver dragon (Depths:3)
  A deep elf master archer (Elf:3)
  7 deep elf blademasters
  An ancient champion (Depths:1)
  7 sphinxes
  Polyphemus (Shoals:3)
  2 tengu reavers (Depths:3)
  7 nagarajas
  2 strange machines (WizLab)
  An iron dragon (Depths:1)
  9 deep elf sorcerers
  11 vault wardens
  12 fire giants
  10 frost giants
  Aizul (Shoals:3)
  4 orc warlords
  3 deep elf elementalists (Elf:3)
  The ghost of Zatt the Spry, an adept SpAK of Lugonu (Depths:2)
  5 spriggan defenders
  22 very ugly things
  14 ironbound preservers
  2 war gargoyles
  5 ironbound thunderhulks
  9 stone giants
  10 deep elf demonologists
  A vampire knight (Depths:1)
  7 spark wasps
  7 deep elf annihilators (Elf:3)
  14 dire elephants
  Snorg (Orc:2)
  14 ettins
  A minotaur (Gauntlet)
  8 merfolk javelineers
  4 deep elf death magi (Elf:3)
  2 eidola (Vaults:2)
  5 yaktaur captains
  2 crystal guardians
  7 deep elf high priests
  3 jiangshi (Depths:1)
  10 fire dragons
  10 merfolk impalers
  11 rakshasas
  4 great orbs of eyes
  2 peacekeepers
  Erolcha (D:9)
  6 salamander tyrants
  11 ice dragons
  An ogre mage (D:14)
  3 demonspawn (Orc:2)
  3 hydras
  A spriggan air mage (Depths:2)
  29 vault guards
  5 catoblepae
  A hell beast (Depths:1)
  3 alligator snapping turtles
  3 boulder beetles
  9 ironbound frosthearts
  2 merfolk avatars (Shoals:2)
  7 anacondas
  9 centaur warriors
  4 merfolk aquamancers (Shoals:4)
  5 two-headed ogres
  24 dancing weapons
  14 naga warriors
  A death knight (D:14)
  3 vampire magi
  10 tengu warriors
  A deep troll earth mage (Depths:3)
  A satyr (Shoals:2)
  2 deep troll shamans (Depths:3)
  4 orc high priests
  18 death yaks
  17 naga sharpshooters
  A hell hog (Depths:1)
  7 spriggan berserkers
  9 shock serpents
  A sun demon (Gauntlet)
  Sonja (Lair:4)
  26 deep elf knights
  8 hell knights
  A soul eater (Depths:1)
  3 salamander mystics
  A sixfirhy (Gauntlet)
  6 skeletal warriors
  A flayed ghost (Depths:3)
  51 deep trolls
  5 glowing orange brains
  8 naga ritualists
  14 sea snakes
  A necromancer (Vaults:1)
  2 obsidian statues (Depths:1)
  2 bog bodies (IceCv)
  19 deep elf archers
  8 wizards
  16 harpies
  29 deep elf pyromancers
  4 phantasmal warriors
  10 lindwurms
  13 ironbound convokers
  12 orc knights
  10 orc sorcerers
  6 mana vipers
  41 ugly things
  34 deep elf zephyrmancers
  A mana viper (shapeshifter) (Depths:3)
  A sphinx zombie (Vaults:1)
  2 oklob plants
  8 fauns
  19 manticores
  A worldbinder (Abyss:3)
  7 cyclopes
  20 elephants
  The ghost of benadryl the Ruffian, a novice TrCj of Sif Muna (D:6)
  27 naga magi
  8 water nymphs
  3 merfolk sirens
  5 guardian serpents
  Maurice (Orc:1)
  21 salamanders
  21 vault sentinels
  An ice statue (IceCv)
  4 molten gargoyles (D:14)
  40 black mambas
  3 gargoyles
  4 rust devils
  17 cane toads
  4 centaur skeletons (D:14)
  4 orange demons
  A torpor snail (Lair:3)
  Maggie (D:8)
  A hellion (Gauntlet)
  A rime drake (Lair:2)
  An unseen horror zombie (D:6)
  31 yaktaurs
  2 freezing wraiths (D:14)
  3 tengu conjurers
  10 komodo dragons
  6 trolls
  4 ice devils
  2 anaconda simulacra (IceCv)
  2 red devils (Depths:1)
  2 hellwings
  26 merfolk
  A merfolk (shapeshifter) (Vaults:5)
  3 polar bears
  10 wind drakes (Shoals:4)
  21 slime creatures
  4 blink frogs (Lair:3)
  Prince Ribbit (Bailey)
  2 hornets
  10 snapping turtles
  3 dream sheep (Shoals:3)
  A vampire (D:10)
  A spriggan (Depths:2)
  14 water elementals
  12 air elementals
  A shadow (D:10)
  An unseen horror simulacrum (D:6)
  8 wyverns
  79 yaks
  A centaur simulacrum (D:15)
  A ynoxinul (Orc:2)
  7 humans (Bailey)
  6 wraiths
  3 fire elementals
  A basilisk (Lair:3)
  2 chaos spawn (Depths:1)
  A neqoxec (Depths:1)
  A golden eye (shapeshifter) (D:15)
  3 steam dragons
  3 death yak simulacra (IceCv)
  4 vampire mosquitoes (D:14)
  A harpy simulacrum (IceCv)
  2 acid dragons
  2 wargs
  49 nagas
  A human simulacrum (Vaults:1)
  14 water moccasins
  3 floating eyes
  2 hell hounds (Gauntlet)
  A glowing shapeshifter skeleton (Vaults:1)
  A hydra simulacrum (IceCv)
  38 orc warriors
  A black bear (Lair:3)
  A wolf (Lair:3)
  7 ogres
  4 boggarts (Lair:3)
  The ghost of McMuffin the Twirler, an amateur DsWn of Yredelemnul (D:4)
  22 centaurs
  A phantom (D:6)
  A kobold brigand (D:7)
  8 two-headed ogre simulacra (IceCv)
  17 bullfrogs
  A scorpion (D:6)
  2 gnoll sergeants
  A human skeleton (Vaults:1)
  An earth elemental (Elf:2)
  A cane toad simulacrum (IceCv)
  5 killer bees (D:8)
  5 elephant simulacra
  2 electric eels
  5 howler monkeys
  7 lava snakes
  3 jellies (Lair:5)
  22 orc priests
  3 hounds (D:5)
  An iguana (D:5)
  18 orc wizards
  A hell rat (Sewer)
  8 troll simulacra
  2 polar bear simulacra
  6 spriggan simulacra
  2 wolf simulacra (IceCv)
  13 adders
  16 gnolls
  5 naga simulacra
  A river rat (D:5)
  2 shadow imps
  6 white imps
  12 ufetubi
  3 worms
  58 orcs
  6 endoplasms
  3 giant cockroaches
  11 goblins
  6 hobgoblins
  2 jackals (D:3)
  A quokka (D:1)
  3 training dummies (Snake:4)
  11 ball pythons
  8 bats
  A frilled lizard (D:1)
  17 kobolds
  13 rats
  3 butterflies
  A lurking horror (Abyss:3)
1822 creatures vanquished.

Vanquished Creatures (collateral kills)
  A fire dragon (Depths:3)
  An orc warrior (Bailey)
  An orc (D:9)
  A goblin (Bailey)
  7 foxfires
11 creatures vanquished.

Vanquished Creatures (others)
  A fire giant (Depths:3)
  A yaktaur (Vaults:3)
  A floating eye (Depths:1)
  A bush (Elf:1)
  14 demonic plants (Gauntlet)
  1444 foxfires
  37 fungi
  151 plants
  4 withered plants (Shoals:3)
1654 creatures vanquished.

Grand Total: 3487 creatures vanquished

Table legend: (Time is in decaauts)
 A = Elapsed time spent in this place.
 B = Non-inter-level travel time spent in this place.
 C = Inter-level travel time spent in this place.
 D = Time resting spent in this place.
 E = Time spent auto-exploring this place.
 F = Levels seen in this place.
 G = Mean time per level.
                   A        B        C        D        E       F      G
               +--------+--------+--------+--------+--------+-----+--------+
         Total |  65147 |  60945 |   4202 |   5100 |  45172 |  50 | 1302.9 |
       Dungeon |  21056 |  18640 |   2416 |   1564 |  13804 |  15 | 1403.7 |
        Temple |     15 |     11 |      4 |      0 |     10 |   1 |   15.0 |
          Lair |   7170 |   6655 |    515 |      5 |   5890 |   5 | 1434.0 |
        Shoals |   5919 |   5706 |    213 |    453 |   4415 |   4 | 1479.8 |
     Snake Pit |   6492 |   6241 |    251 |    798 |   4315 |   4 | 1623.0 |
  Orcish Mines |   2375 |   2160 |    215 |    247 |   1560 |   2 | 1187.5 |
   Elven Halls |   5703 |   5571 |    132 |    719 |   3951 |   3 | 1901.0 |
        Vaults |   6388 |   6087 |    301 |    243 |   4955 |   5 | 1277.6 |
        Depths |   5223 |   5072 |    151 |    106 |   3674 |   4 | 1305.8 |
         Abyss |    179 |    179 |      0 |     66 |     29 |   1 |  179.0 |
        Bazaar |    133 |    133 |      0 |      0 |     84 |   1 |  133.0 |
         Sewer |    262 |    262 |      0 |      0 |    205 |   1 |  262.0 |
        Bailey |    818 |    818 |      0 |    218 |    391 |   1 |  818.0 |
      Ice Cave |   1850 |   1850 |      0 |    498 |   1020 |   1 | 1850.0 |
        Wizlab |    711 |    711 |      0 |    136 |    297 |   1 |  711.0 |
      Gauntlet |    845 |    845 |      0 |     47 |    567 |   1 |  845.0 |
               +--------+--------+--------+--------+--------+-----+--------+

Top non-repeatable levels by time:
    D:10: 2723 daAuts
Shoals:4: 2557 daAuts
   Elf:3: 2369 daAuts
     D:5: 2254 daAuts
    D:14: 2133 daAuts
 Snake:3: 2052 daAuts
   Elf:1: 1966 daAuts
  Lair:5: 1964 daAuts
 Snake:2: 1961 daAuts
   IceCv: 1850 daAuts
   Orc:2: 1843 daAuts
Depths:1: 1821 daAuts
Depths:3: 1797 daAuts
Vaults:4: 1725 daAuts
Vaults:2: 1722 daAuts

Table legend:
 A = Non-vault XP
 B = Vault XP
 C = Vault XP percentage of total XP
 D = Non-vault monster count
 E = Vault monster count
 F = Vault count percentage of total count
                 A         B        C        D         E       F
            +---------+---------+-------+---------+---------+-------
      Total |  486669 |  448693 |  48.0 |    1066 |     758 |  41.6
            +---------+---------+-------+---------+---------+-------
        D:1 |      37 |       0 |   0.0 |      24 |       0 |   0.0
        D:2 |      35 |      62 |  63.9 |      14 |      10 |  41.7
        D:3 |     203 |       0 |   0.0 |      20 |       0 |   0.0
        D:4 |     206 |     180 |  46.6 |      10 |       3 |  23.1
        D:5 |     998 |      34 |   3.3 |      15 |       6 |  28.6
        D:6 |    1330 |    1071 |  44.6 |      15 |       3 |  16.7
        D:7 |     723 |       7 |   1.0 |      23 |       4 |  14.8
        D:8 |    1716 |     399 |  18.9 |      10 |       3 |  23.1
        D:9 |    1741 |     874 |  33.4 |      17 |       1 |   5.6
       D:10 |    3816 |    2863 |  42.9 |      26 |      11 |  29.7
       D:11 |    4276 |       0 |   0.0 |      13 |       0 |   0.0
       D:12 |    4038 |     261 |   6.1 |      16 |       8 |  33.3
       D:13 |    6260 |       0 |   0.0 |      15 |       0 |   0.0
       D:14 |   11373 |    9615 |  45.8 |      33 |      23 |  41.1
       D:15 |    8875 |    2845 |  24.3 |      17 |       3 |  15.0
     Lair:1 |    6858 |       0 |   0.0 |      32 |       0 |   0.0
     Lair:2 |    6260 |       0 |   0.0 |      12 |       0 |   0.0
     Lair:3 |    7340 |    2056 |  21.9 |      23 |      12 |  34.3
     Lair:4 |    9889 |     769 |   7.2 |      27 |       1 |   3.6
     Lair:5 |   16009 |   10996 |  40.7 |      38 |      29 |  43.3
   Shoals:1 |   11686 |       0 |   0.0 |      19 |       0 |   0.0
   Shoals:2 |   13956 |       0 |   0.0 |      24 |       0 |   0.0
   Shoals:3 |   14634 |    5892 |  28.7 |      31 |       7 |  18.4
   Shoals:4 |   11241 |   25777 |  69.6 |      27 |      53 |  66.2
    Snake:1 |    9682 |       0 |   0.0 |      19 |       0 |   0.0
    Snake:2 |   21745 |    4768 |  18.0 |      40 |       9 |  18.4
    Snake:3 |   34929 |    3765 |   9.7 |      73 |       9 |  11.0
    Snake:4 |   16805 |   21912 |  56.6 |      32 |      41 |  56.2
      Orc:1 |    4795 |     462 |   8.8 |      38 |       1 |   2.6
      Orc:2 |    1182 |   16891 |  93.5 |      17 |      62 |  78.5
      Elf:1 |   33128 |    5865 |  15.0 |      56 |       9 |  13.8
      Elf:2 |   21546 |    3114 |  12.6 |      32 |       4 |  11.1
      Elf:3 |   21384 |   43646 |  67.1 |      33 |      40 |  54.8
   Vaults:1 |   22622 |   24790 |  52.3 |      28 |      36 |  56.2
   Vaults:2 |   18304 |   37353 |  67.1 |      29 |      48 |  62.3
   Vaults:3 |   21839 |   30018 |  57.9 |      36 |      43 |  54.4
   Vaults:4 |   30185 |   15854 |  34.4 |      42 |      21 |  33.3
   Vaults:5 |    1408 |   26800 |  95.0 |       2 |      29 |  93.5
   Depths:1 |   35571 |   19555 |  35.5 |      43 |      29 |  40.3
   Depths:2 |   18784 |   32878 |  63.6 |      19 |      28 |  59.6
   Depths:3 |   16625 |   62134 |  78.9 |      16 |      53 |  76.8
   Depths:4 |   12115 |       0 |   0.0 |       9 |       0 |   0.0
    Abyss:3 |     520 |       0 |   0.0 |       1 |       0 |   0.0
      Sewer |       0 |      40 | 100.0 |       0 |       7 | 100.0
     Bailey |       0 |    4303 | 100.0 |       0 |      27 | 100.0
      IceCv |       0 |    5039 | 100.0 |       0 |      51 | 100.0
     WizLab |       0 |   20629 | 100.0 |       0 |      23 | 100.0
   Gauntlet |       0 |    5176 | 100.0 |       0 |      11 | 100.0
            +---------+---------+-------+---------+---------+-------
